 Dungeon Crawl Stone Soup version 0.27-a0-1590-g15f69828bf (webtiles) character file.

Game seed: 2450363298425928586

1083 funkygono the Magician (level 8, -3/52 HPs)
             Began as a Djinni Fire Elementalist on July 18, 2021.
             Slain by an orc (6 damage)
             ... on level 4 of the Dungeon.
             The game lasted 00:14:27 (6900 turns).

funkygono the Magician (Djinni Fire Elementalist)   Turns: 6900, Time: 00:14:28

Health: -3/52      AC:  7    Str:  7    XL:     8   Next: 55%
Gold:   188        EV: 13    Int: 19    God:
                   SH:  5    Dex: 14

rFire    + + +     SeeInvis .   x - +4 great sword
rCold    . . .     Faith    .   (shield currently unavailable)
rNeg     . . .     Spirit   .   k - +1 steam dragon scales
rPois    ∞         Reflect  +   p - +0 helmet
rElec    .         Harm     .   l - scarf {rC+ rF+}
rCorr    .         Rampage  .   (no gloves)
Will     +....                  (boots unavailable)
Stlth    ++........             h - amulet of reflection
HPRegen  0.17/turn              c - ring of willpower
MPRegen  0.00/turn              (no ring)

@: flying, studying Long Blades
A: sickness immunity, fire resistance 2, cold vulnerability 1, float, innate
caster, hp casting, extra vitality 1
a: no special abilities


You were on level 4 of the Dungeon.
You visited 1 branch of the dungeon, and saw 5 of its levels.

You collected 188 gold pieces.

Inventory:

Hand Weapons
 d - a +0 dagger
 g - a +1 whip of electrocution
 j - a +0 falchion
 x - a +4 great sword (weapon)
Armour
 a - a +0 robe
 k - +1 steam dragon scales (worn)
 l - a scarf of resistance (worn)
 m - a +3 ring mail
 n - a +0 leather armour
 p - a +0 helmet (worn)
Magical Staves
 f - a staff of fire
 o - a staff of cold
Jewellery
 c - a ring of willpower (left hand)
 h - an amulet of reflection (around neck)
 v - a ring of poison resistance
Wands
 t - a wand of charming (11)
 w - a wand of paralysis (6)
Scrolls
 q - a scroll of teleportation
Potions
 b - a potion of might
 e - a potion of mutation
 i - a potion of curing
 r - a potion of lignification
 s - 2 potions of ambrosia {unknown}
 u - a potion of flight {unknown}


   Skills:
 + Level 1.3 Fighting
 + Level 0.8 Long Blades
 + Level 3.4 Dodging
 - Level 1.5 Stealth
 + Level 2.1 Shields
 * Level 7.0 Spellcasting


You couldn't memorise any spells.
You knew the following spells:

 Your Spells              Type           Power      Damage    Failure   Level
a - Foxfire               Conj/Fire      100%       2x1d9     1%          1
b - Conjure Flame         Conj/Fire      33%        6-21      1%          3
c - Inner Flame           Hex/Fire       33%        N/A       1%          3
d - Sticky Flame          Conj/Fire      33%        2d5       5%          4
e - Fireball              Conj/Fire      16%        3d8       16%         5
f - Corona                Hex            36%        N/A       1%          1
g - Searing Ray           Conj           66%        3d5       1%          2
h - Confusing Touch       Hex            33%        N/A       1%          3
Your spell library was empty.

Dungeon Overview and Level Annotations

Branches:
Dungeon (5/15)
 Temple: D:4-7

Altars:
Gozag
Nemelex Xobeh
Okawaru
Trog

Shops:
D:4 !


Innate Abilities, Weirdness & Mutations

You are immune to sickness and miasma.
You are immune to poison.
Your flesh is very heat resistant. (rF++)
You are vulnerable to cold. (rC-)
You float through the air rather than walking.
You learn spells naturally, not from books.
Your magical power is your life essence.
You have superior vitality. (+4 HP)


Message History

You hit the orc.
The orc is heavily wounded.
The wight hits you with a +0 mace of protection.
You block the wight's attack. The orc closely misses you.
You riposte.
You closely miss the orc.
The orc is heavily wounded.
You block the wight's attack.
You slash the orc!
You kill the orc!
You block the wight's attack. The wight barely misses you.
You riposte.
You slash the wight!
The wight is severely damaged.
The wight hits you but does no damage.
You barely miss the orc.
The wight hits you with a +0 mace of protection.
The orc hits you with a +0 mace. The wight misses you.
You riposte.
You hit the wight.
The wight is lightly damaged.
The wight hits you with a +0 mace of protection.
The orc completely misses you. You block the wight's attack.
You barely miss the orc. The wight barely misses you.
You riposte.
You hit the wight but do no damage.
The wight is severely damaged.
The orc misses you.
The wight hits you with a +0 great sword!
The wight misses you.
You hit the orc.
The orc is lightly wounded.
The orc barely misses you. You block the wight's attack.
The wight hits you with a +0 mace of protection.
The orc hits you with a +0 mace.
* * * LOW HITPOINT WARNING * * *
The wight hits you with a +0 great sword!
* * * LOW HITPOINT WARNING * * *
You closely miss the orc.
The orc is lightly wounded.
The wight completely misses you.
You riposte.
You barely miss the wight.
The wight is severely damaged.
The orc hits you with a +0 mace.
You die...

#.##.....##.##.....
#.##.#......####...
#...###..#### ##.#
####.#.### #.#
##.## #.# #.# ##+#
#.# ##...
#####.#### ##....
#z@o.....# ##.....
#z###....####......
#o# #.).....'......
#.# #......##...###
#.# ###..#.###.###.
#.######)#.# ###...
#....o...#.# #.)..
##########.# ##....
#.# #.)..#


You could see 2 wights and 2 orcs.

Vanquished Creatures
  Eustachio (D:4)
  A steam dragon (D:4)
  An ice beast (D:5)
  An orc warrior (D:3)
  An ogre (D:4)
  2 scorpions (D:4)
  2 wights (D:4)
  A bullfrog zombie (D:4)
  4 hounds
  An iguana (D:5)
  Ijyb (D:2)
  A gnoll (D:3)
  2 adders
  4 worms
  2 dart slugs (D:4)
  9 orcs
  4 bats
  5 endoplasms
  6 giant cockroaches
  8 goblins
  3 hobgoblins
  2 jackals (D:1)
  5 kobolds
  3 quokkas (D:4)
  5 ball pythons
  6 frilled lizards
  7 rats
88 creatures vanquished.

Vanquished Creatures (collateral kills)
  4 foxfires
4 creatures vanquished.

Vanquished Creatures (others)
  372 foxfires
  4 fungi (D:2)
  9 plants (D:2)
385 creatures vanquished.

Grand Total: 477 creatures vanquished

Notes
Turn   | Place    | Note
-------+----------+-------------------------------------------
     0 | D:1      | funkygono the Djinni Fire Elementalist began the quest for
                  | the Orb.
     0 | D:1      | Reached XP level 1. HP: 15/15 MP: 0/0
   193 | D:1      | Reached XP level 2. HP: 20/21 MP: 0/0
   442 | D:1      | Reached skill level 3 in Spellcasting
   531 | D:1      | Reached XP level 3. HP: 23/25 MP: 0/0
   531 | D:1      | Learned a level 1 spell: Corona
  1184 | D:1      | Identified a scroll of acquirement
  1184 | D:1      | Acquired a manual of Long Blades
  1525 | D:2      | Found a faded altar of an unknown god.
  1749 | D:2      | Found an iron altar of Okawaru.
  2170 | D:3      | Noticed Ijyb
  2221 | D:2      | HP: 1/25 [Ijyb (6)]
  2241 | D:2      | Killed Ijyb
  2242 | D:2      | Reached XP level 4. HP: 10/31 MP: 0/0
  2616 | D:3      | Noticed an orc warrior
  2912 | D:3      | Killed an orc warrior
  2913 | D:3      | Reached skill level 4 in Spellcasting
  2913 | D:3      | Reached XP level 5. HP: 9/35 MP: 0/0
  2913 | D:3      | Learned a level 2 spell: Searing Ray
  3450 | D:3      | Reached XP level 6. HP: 31/41 MP: 0/0
  3847 | D:3      | Reached skill level 5 in Spellcasting
  4130 | D:4      | Noticed Eustachio
  4130 | D:4      | Noticed an ogre
  4189 | D:4      | Killed Eustachio
  4190 | D:4      | Reached XP level 7. HP: 36/46 MP: 0/0
  4190 | D:4      | Learned a level 3 spell: Confusing Touch
  4278 | D:4      | Reached skill level 1 in Shields
  4743 | D:4      | Found Jiyleps's Distillery.
  4973 | D:4      | Reached skill level 6 in Spellcasting
  4994 | D:4      | Found a sparkling altar of Nemelex Xobeh.
  4994 | D:4      | Found an opulent altar of Gozag.
  4994 | D:4      | Noticed a steam dragon
  5018 | D:4      | HP: 2/46 [scorpion (4)]
  5106 | D:4      | Reached skill level 1 in Fighting
  5222 | D:4      | Killed a steam dragon
  5223 | D:4      | Reached XP level 8. HP: 6/52 MP: 0/0
  5732 | D:4      | Noticed a moth of wrath
  5735 | D:4      | Found a bloodstained altar of Trog.
  5926 | D:5      | Entered Level 5 of the Dungeon
  6597 | D:4      | Reached skill level 7 in Spellcasting
  6900 | D:4      | Slain by an orc

Illustrated notes

Levels and vault maps discovered:
D:1:      erik_arrival_blinker_ship, layout_basic, serial_glass,
          glass_columns_a, glass_columns_b, glass_columns_b, glass_columns_a,
          glass_columns_a, glass_columns_a
D:2:      layout_basic, basic_altar, dreamdust_ecumenical_altar_grove
D:3:      layout_rooms, nrook_uturn, minmay_hedge_maze, st_stairs_5,
          chequers_big_river, cheibrodos_gnoll_hut, uniq_ijyb
D:4:      layout_loops_corners, grunt_temple_overflow_opulence, tgw_trog,
          serial_shops, nicolae_square_shop, uniq_eustachio
D:5:      layout_basic, minmay_temple_entry_fiery, st_stairs_9

Skill      XL: |  1  2  3  4  5  6  7  8 |
---------------+-------------------------+-----
Spellcasting   | 3 4 5 6 7 |  7.0
Shields        | 1 2 |  2.1
Fighting       | 1 |  1.3
Dodging        | 3 |  3.4
Long Blades    | |  0.8
Stealth        | |  1.5

Action                   |  1- 3 |  4- 6 |  7- 9 || total
-------------------------+-------+-------+-------++-------
Melee: Dagger            |     2 |       |       ||     2
       Falchion          |       |       |     8 ||     8
       Great sword       |       |       |     6 ||     6
 Cast: Foxfire           |    68 |    68 |    96 ||   232
       Sticky Flame      |       |       |     3 ||     3
       Conjure Flame     |       |       |     2 ||     2
  Use: Scroll            |     8 |     2 |     2 ||    12
       Potion            |     5 |       |     2 ||     7
Armor: Robe              |     3 |     1 |     4 ||     8
       Steam dragon scal |       |       |    11 ||    11
Dodge: Dodged            |    13 |    12 |    59 ||    84
Block: Other             |     6 |     4 |    24 ||    34
       Reflection        |       |       |     1 ||     1
       Rpst.: Falchion   |       |       |    12 ||    12
       Great sword       |       |       |     5 ||     5

Table legend: (Time is in decaauts)
 A = Elapsed time spent in this place.
 B = Non-inter-level travel time spent in this place.
 C = Inter-level travel time spent in this place.
 D = Time resting spent in this place.
 E = Time spent auto-exploring this place.
 F = Levels seen in this place.
 G = Mean time per level.
                   A        B        C        D        E       F      G
               +--------+--------+--------+--------+--------+-----+--------+
         Total |   6907 |   6753 |    154 |   1592 |   3955 |   5 | 1381.4 |
       Dungeon |   6907 |   6753 |    154 |   1592 |   3955 |   5 | 1381.4 |
               +--------+--------+--------+--------+--------+-----+--------+

Top non-repeatable levels by time:
     D:4: 2246 daAuts
     D:3: 1592 daAuts
     D:2: 1342 daAuts
     D:1: 1238 daAuts
     D:5: 488 daAuts
